 Seeded DCSS version 0.31-a0-133-gaae73658be (webtiles) character file.

Game seed: 8444064637143102904 (custom seed)

674 Pimp the Chopper (level 7, -3/64 HPs)
             Began as a Hill Orc Monk on June 2, 2023.
             Was a Believer of Beogh.
             Slain by a troll (6 damage)
             ... on level 4 of the Dungeon.
             The game lasted 00:10:19 (3996 turns).

Pimp the Chopper (Hill Orc Monk)                    Turns: 3996, Time: 00:10:20

Health: -3/64      AC:  9    Str: 19 (22) XL:     7   Next: 59%
Magic:  7/7        EV: 12    Int: 10      God:    Beogh [**....]
Gold:   243        SH:  0    Dex: 15      Spells: 6/6 levels left

rFire   . . .        a - +0 hand axe (flame)
rCold   . . .        e - +0 buckler
rNeg    . . .        s - +1 scale mail {Will+}
rPois   .            (no helmet)
rElec   .            (no cloak)
rCorr   .            l - +1 pair of gloves
SInv    .            (no boots)
Will    +....        f - amulet of faith
Stlth   +            w - +6 ring of strength
HPRegen 0.30/turn    (no ring)
MPRegen 0.10/turn

%: faith
@: confused, ambrosia-drunk
A: talons 1, thin skeletal structure 1, deterioration 1, MP-powered wands,
sturdy frame 1
a: Renounce Religion, Smiting


You were on level 4 of the Dungeon.
You worshipped Beogh.
Beogh was pleased with you.
You visited 1 branch of the dungeon, and saw 5 of its levels.

You collected 243 gold pieces.

Inventory:

Hand Weapons
 a - a +0 hand axe of flaming (weapon)
Missiles
 u - 3 poisoned darts (quivered)
Armour
 b - a +0 robe
 d - an orb of light
 e - a +0 buckler (worn)
 j - a +0 ring mail
 l - a +1 pair of gloves (worn)
 o - a +0 chain mail
 s - a +1 scale mail of willpower (worn)
 y - a +0 plate armour
Jewellery
 f - an amulet of faith (around neck)
 w - a +6 ring of strength (left hand)
Wands
 q - a wand of digging (4)
Scrolls
 h - 2 scrolls of blinking
 i - a scroll of identify
 k - a scroll of brand weapon
 p - 2 scrolls of vulnerability {unknown}
 v - a scroll of enchant weapon {unknown}
 x - a scroll of fear {unknown}
 z - a scroll of silence {unknown}
 A - a scroll of butterflies
Potions
 g - 2 potions of might {unknown}
 m - a potion of heal wounds {unknown}
 n - 2 potions of curing {unknown}
 r - 2 potions of enlightenment {unknown}
 t - a potion of berserk rage {unknown}


   Skills:
 + Level 6.7 Fighting
 + Level 7.2 Axes
 + Level 4.5 Dodging


You had 6 spell levels left.
You didn't know any spells.
Your spell library contained the following spells:

 Spells                   Type           Power      Damage    Failure   Level
 Lesser Beckoning         Tloc           0%         N/A       83%         2
 Gell's Gravitas          Tloc           0%         N/A       97%         3
 Teleport Other           Tloc           0%         N/A       97%         3
 Olgreb's Toxic Radiance  Pois           0%         N/A       100%        4
 Dispersal                Tloc           0%         N/A       100%        6
 Discord                  Hex            0%         N/A       100%        8
 Ignition                 Fire           0%         3d3       100%        8
 Chain Lightning          Conj/Air       0%         N/A       100%        9
 Fire Storm               Conj/Fire      0%         5d1       100%        9
 Shatter                  Erth           0%         3d5*      100%        9


Dungeon Overview and Level Annotations

Branches:
Dungeon (5/15)
 Temple: D:4-7

Altars:
The Shining One

Annotations:
D:1 2 transporters


Innate Abilities, Weirdness & Mutations

You have sharp toenails.
You have a somewhat thin skeletal structure. (Dex +2, Stealth+)
Your body sometimes deteriorates upon taking damage.
You expend magic power (3 MP) to strengthen your wands.
Your movements are slightly less encumbered by armour. (ER -2)


Message History

The troll barely misses you. The troll claws you. x2
You hit the troll. You burn the troll. Your kick misses the troll.
The troll is moderately wounded.
The troll closely misses you. The troll barely misses you.
The troll completely misses you.
You hit the troll. You burn the troll.
The troll is heavily wounded.
The troll bites you but does no damage. The troll misses you.
The troll claws you!
You hit the troll but do no damage. Your kick misses the troll.
The troll is moderately wounded.
The troll closely misses you. The troll claws you but does no damage.
You block the troll's attack.
You hit the troll. You burn the troll.
The troll is heavily wounded.
You block the troll's attack. The troll claws you but does no damage.
The troll barely misses you.
You closely miss the troll. Your kick misses the troll.
The troll is heavily wounded.
The troll bites you!
Your body deteriorates!
You feel weakened. The troll claws you!
* * * LOW HITPOINT WARNING * * *
The troll claws you.
* * * LOW HITPOINT WARNING * * *
You hit the troll but do no damage. Your kick misses the troll.
The troll is heavily wounded.
You block the troll's attack. The troll claws you but does no damage.
The troll misses you.
You are confused.
You feel invigorated. The troll bites you!
* * * LOW HITPOINT WARNING * * *
Your body deteriorates!
You feel weakened. The troll barely misses you. The troll misses you.
You miss the troll. Your kick misses the troll.
The troll is heavily wounded.
The troll misses you. The troll claws you!
* * * LOW HITPOINT WARNING * * *
The troll claws you.
You die...

'...#.........+...##.....##....#.
#...#.o.......#...##.....##....#.
#...#.........#'####...........'.
#...#..............#.....##....##
#...#.o............####+###....##
#####.....................#....##
..........................#......
.........##########.......#......
.........#....#T@.#.......#....##
.......[.'....#...#.......#....#.
.........#...###'##.......#....#.
.........#...##...#.......#......
.........#...##...#.......'..)...
.####....#........'.......#..≈.≈≈
....#....#...##...#.(........≈...
#...#....#...##...#..........≈.≈≈
....#....#...................≈.≈.


You could see a troll.

Vanquished Creatures
  An ice beast (D:5)
  An ogre (D:4)
  A phantom (D:4)
  A scorpion (D:4)
  A killer bee (D:4)
  A hound (D:5)
  An iguana (D:5)
  Ijyb (D:3)
  7 gnolls
  6 adders
  3 worms
  12 dart slugs
  2 orcs
  7 endoplasms
  6 giant cockroaches
  10 goblins
  4 hobgoblins
  4 jackals (D:5)
  6 kobolds
  2 quokkas
  4 ball pythons
  6 bats
  3 frilled lizards
  4 rats
94 creatures vanquished.

Notes
Turn   | Place    | Note
-------+----------+-------------------------------------------
     0 | D:1      | Pimp the Hill Orc Monk began the quest for the Orb.
     0 | D:1      | Reached XP level 1. HP: 19/19 MP: 1/1
   110 | D:1      | Reached XP level 2. HP: 22/27 MP: 2/2
   489 | D:1      | Reached XP level 3. HP: 28/33 MP: 3/3
  1123 | D:2      | Reached XP level 4. HP: 41/41 MP: 4/4
  1343 | D:2      | Reached skill level 5 in Axes
  1552 | D:2      | Gained mutation: You have a somewhat thin skeletal
                  | structure. (Dex +2, Stealth+) [potion of mutation]
  1552 | D:2      | Gained mutation: Your body sometimes deteriorates upon
                  | taking damage. [potion of mutation]
  1552 | D:2      | Gained mutation: You have hidden genetic potential. [potion
                  | of mutation]
  1552 | D:2      | Gained mutation: You expend magic power (3 MP) to
                  | strengthen your wands. [potion of mutation]
  1751 | D:3      | Noticed Ijyb
  1765 | D:2      | Reached XP level 5. HP: 42/47 MP: 5/5
  1833 | D:3      | Found a faded altar of an unknown god.
  1867 | D:3      | Reached skill level 5 in Fighting
  2039 | D:3      | Gained mutation: Your movements are slightly less
                  | encumbered by armour. (ER -2) [hidden potential]
  2281 | D:3      | Killed Ijyb
  2584 | D:4      | Noticed a phantom
  2608 | D:4      | Killed a phantom
  2609 | D:4      | Reached skill level 6 in Axes
  2609 | D:4      | Reached XP level 6. HP: 50/56 MP: 6/6
  2624 | D:4      | Gained mutation: You have sharp toenails. [hidden
                  | potential]
  2624 | D:4      | Lost mutation: You have hidden genetic potential. [hidden
                  | potential expressed]
  2773 | D:4      | Found a glowing golden altar of the Shining One.
  3263 | D:4      | Became a worshipper of Beogh the Brigand
  3263 | D:4      | Reached * piety under Beogh
  3263 | D:4      | Reached ** piety under Beogh
  3405 | D:4      | Reached XP level 7. HP: 48/63 MP: 7/7
  3674 | D:5      | Entered Level 5 of the Dungeon
  3796 | D:5      | Reached skill level 7 in Axes
  3844 | D:5      | Noticed a troll
  3996 | D:4      | HP: 3/64 [troll (8)]
  3996 | D:4      | Slain by a troll

Illustrated notes

Levels and vault maps discovered:
D:1:      spicycebolla_arrival_transporter_tutorial, layout_basic,
          hex_intersection, minmay_cut_off
D:2:      layout_loops_corners
D:3:      kennysheep_slugbush, layout_basic, basic_ecumenical_altar, uniq_ijyb
D:4:      layout_gridville, mainiacjoe_overflow_concentric_impassable
D:5:      kennysheep_big_flooded_room, layout_loops_cross, eino_tiny_chamber

Skill      XL: |  1  2  3  4  5  6  7 |
---------------+----------------------+-----
Fighting       | 4 5 6 |  6.7
Dodging        | 3 4 |  4.5
Axes           | 5 6 7 |  7.2

Action                     |  1- 3 |  4- 6 |  7- 9 || total
---------------------------+-------+-------+-------++-------
  Melee: Hand axe          |    85 |   182 |    42 ||   309
         Kick              |       |    17 |     8 ||    25
 Invoke: Convert to Beogh  |       |     1 |       ||     1
    Use: Scroll            |     5 |     3 |       ||     8
         Potion            |       |     1 |     1 ||     2
 Armour: Robe              |     1 |       |       ||     1
         Ring mail         |    15 |    12 |       ||    27
         Chain mail        |       |    71 |       ||    71
         Scale mail        |       |    12 |    19 ||    31
  Dodge: Dodged            |    33 |    68 |    37 ||   138
  Block: Buckler           |     2 |    33 |     9 ||    44

Table legend: (Time is in decaauts)
 A = Elapsed time spent in this place.
 B = Non-inter-level travel time spent in this place.
 C = Inter-level travel time spent in this place.
 D = Time resting spent in this place.
 E = Time spent auto-exploring this place.
 F = Levels seen in this place.
 G = Mean time per level.
                   A        B        C        D        E       F      G
               +--------+--------+--------+--------+--------+-----+--------+
         Total |   4044 |   3869 |    175 |    540 |   2385 |   5 |  808.8 |
       Dungeon |   4044 |   3869 |    175 |    540 |   2385 |   5 |  808.8 |
               +--------+--------+--------+--------+--------+-----+--------+

Top non-repeatable levels by time:
     D:4: 1247 daAuts
     D:3: 1035 daAuts
     D:2: 985 daAuts
     D:1: 591 daAuts
     D:5: 185 daAuts
